 Dungeon Crawl Stone Soup version 0.30-a0-1050-g2766ea1e55 (webtiles) character file.

Game seed: 13879058300937105708

770 Arzdou the Insei (level 7, -3/43 HPs)
             Began as an Octopode Transmuter on Apr 10, 2023.
             Was an Initiate of Cheibriados.
             Slain by a troll (14 damage)
             ... on level 5 of the Dungeon.
             The game lasted 00:16:53 (4262 turns).

Arzdou the Insei (Octopode Transmuter)              Turns: 4262, Time: 00:16:54

Health: -3/43      AC:  1    Str: 10    XL:     7   Next: 83%
Magic:  9/12       EV: 14    Int: 18    God:    Cheibriados [......]
Gold:   311        SH:  0    Dex: 14    Spells: 3/13 levels left

rFire   . . .      SeeInvis .    i - +0 falchion (protect)
rCold   . . .      Faith    .    (no shield)
rNeg    . . .      Spirit   .    (helmet currently unavailable)
rPois   .          Reflect  .    (no amulet)
rElec   .          Rampage  .    (no ring)
rCorr   .                        (no ring)
Will    .....                    (no ring)
Stlth   +++                      (no ring)
HPRegen 0.27/turn                (no ring)
MPRegen 0.13/turn                (no ring)
                                 (no ring)
                                 (no ring)

@: appendages, wereblooded, very slow
A: tentacle spike 3, almost no armour, amphibious, 8 rings, camouflage 1,
gelatinous body 1, (nimble swimmer 1), tentacles
a: End Transformation, Renounce Religion


You were on level 5 of the Dungeon.
You worshipped Cheibriados.
Cheibriados was noncommittal.
One of your tentacles had grown a beastly spike.
You visited 2 branches of the dungeon, and saw 6 of its levels.

You collected 311 gold pieces.

Inventory:

Hand Weapons
 i - a +0 falchion of protection (weapon)
Wands
 f - a wand of charming (7)
Scrolls
 d - a scroll of teleportation {unknown}
 e - 2 scrolls of magic mapping
 h - 2 scrolls of vulnerability
Potions
 a - 3 potions of lignification
 b - a potion of might {unknown}
 c - a potion of curing {unknown}
 g - a potion of mutation
 j - a potion of haste {unknown}
 k - a potion of heal wounds {unknown}


   Skills:
 + Level 1.4 Fighting
 + Level 3.1 Dodging
 + Level 3.7 Stealth
 + Level 6.0 Unarmed Combat
 + Level 3.9 Spellcasting
 + Level 4.1 Transmutations


You had 3 spell levels left.
You knew the following spells:

 Your Spells              Type           Power      Damage    Failure   Level
a - Beastly Appendage     Tmut           36%        N/A       2%          1
b - Wereblood             Tmut           18%        N/A       4%          2
c - Spider Form           Tmut/Pois      10%        N/A       19%         3
d - Ice Form              Ice/Tmut       10%        N/A       54%         4

Your spell library contained the following spells:

 Spells                   Type           Power      Damage    Failure   Level
 Cigotuvi's Dreadful Rot  Necr/Pois/Air  6%         N/A       22%         2
 Dispel Undead            Necr           3%         3d7       83%         4
 Death Channel            Necr           1%         N/A       100%        6


Dungeon Overview and Level Annotations

Branches:
Dungeon (5/15)             Temple (1/1) D:4

Altars:
Ashenzari
Cheibriados
Elyvilon
Hepliaklqana
Kikubaaqudgha
Nemelex Xobeh
Okawaru
Qazlal
Sif Muna
Trog
Uskayaw
Vehumet
Wu Jian
Yredelemnul
Zin
The Shining One

Shops:
D:4 [*


Innate Abilities, Weirdness & Mutations

One of your tentacles has grown a beastly spike.
You cannot wear most types of armour.
You are amphibious.
You can wear up to eight rings at the same time.
Your skin changes colour to match your surroundings (Stealth+).
Your rubbery body absorbs attacks. (AC +1, EV +1)
((You are camouflaged when in or above water. (Stealth+)))
You have tentacles for arms and can constrict up to eight enemies at once.


Message History

Your +0 falchion of protection goes still.
The scorpion closely misses you.
You bite the scorpion!
The scorpion looks as sick as possible!
The scorpion is moderately wounded.
The scorpion stings you.
You barely miss the scorpion.
The scorpion is almost dead.
You kill the scorpion!
Cheibriados thoroughly appreciates the change of pace.
Your Unarmed Combat skill increases to level 6!
Your transformation is almost over.
The troll shouts!
You hear an angry growl.
You hit the troll.
The troll is lightly wounded.
Your transformation has ended.
Your +0 falchion of protection unmelds from your body.
Your +0 falchion of protection hums with potential!
The troll closely misses you. The troll barely misses you.
The troll closely misses you.
Casting: Spider Form (quite dangerous; 19% risk of failure)
Confirm with . or Enter, or press ? or * to list all spells.
One of your tentacles grows a vicious spike.
The troll completely misses you. The troll closely misses you.
The troll claws you.
Casting: Beastly Appendage (safe; 2% risk of failure)
Confirm with . or Enter, or press ? or * to list all spells.
Your blood is infused with primal strength.
The troll closely misses you. The troll claws you! x2
Hit: i) +0 falchion (protect)
Press: ? - help, Dir - move target, f - troll
Aim: a troll (about 43% to evade your +0 falchion of protection)
Okay, then.
The troll attacks as you move away! The troll closely misses you.
The troll misses you. The troll barely misses you. The troll bites you.
The troll claws you. x2
* * * LOW HITPOINT WARNING * * *
The air fills with toxic fumes!
As you read the scroll labelled QUDAEC MEMELOC, it crumbles to dust.
It was a scroll of poison.
The troll bites you!
You die...

....... ###.... ......##)....
#....##..# #>...##..#
#.......###
############...#.....#
################.....#
.....○.....######§#..####
##########.#§@T§§§##....#
°....§○○○○.#§#######.##.######
############§# ####.........#
#.........§§# #.........##.#
#......#########.........##.#
#..###.........+.........##.#
. #....########.......>....#
#.##.# ############## ... #.#


You could see a troll.

Vanquished Creatures
  Grinder (D:3)
  A black bear (D:4)
  An ogre (D:4)
  2 scorpions
  A howler monkey (D:2)
  An orc priest (D:5)
  A sleepcap (D:5)
  Natasha (twice) (D:3)
  An iguana (D:5)
  Terence (D:3)
  2 adders
  A white imp (D:5)
  A worm (D:2)
  3 dart slugs
  3 orcs
  3 ball pythons
  5 endoplasms
  5 giant cockroaches
  5 goblins
  10 hobgoblins
  5 jackals
  6 kobolds
  8 quokkas
  3 bats
  5 frilled lizards
  3 rats
80 creatures vanquished.

Vanquished Creatures (others)
  4 toadstools (D:1)
4 creatures vanquished.

Grand Total: 84 creatures vanquished

Notes
Turn   | Place    | Note
-------+----------+-------------------------------------------
     0 | D:1      | Arzdou the Octopode Transmuter began the quest for the Orb.
     0 | D:1      | Reached XP level 1. HP: 13/13 MP: 3/3
   214 | D:1      | Reached XP level 2. HP: 17/18 MP: 5/5
   557 | D:1      | Reached XP level 3. HP: 23/23 MP: 6/6
   941 | D:2      | Identified the +0 ring mail of Amorality {rPois Will+
                  | Stlth+}
  1406 | D:2      | Reached skill level 4 in Unarmed Combat
  1570 | D:3      | Found a glowing golden altar of the Shining One.
  1594 | D:3      | Noticed Terence
  1681 | D:2      | Learned a level 2 spell: Wereblood
  1685 | D:2      | Learned a level 3 spell: Spider Form
  1777 | D:3      | Reached XP level 4. HP: 28/28 MP: 7/7
  1803 | D:3      | Noticed Grinder
  1831 | D:2      | Reached skill level 1 in Stealth
  1882 | D:3      | Paralysed by Grinder for 3 turns
  1890 | D:3      | Paralysed by Grinder for 2 turns
  1894 | D:3      | Killed Grinder
  1895 | D:3      | Reached XP level 5. HP: 8/33 MP: 5/9
  1895 | D:3      | Reached XP level 6. HP: 10/38 MP: 5/10
  2007 | D:2      | Learned a level 4 spell: Ice Form
  2077 | D:3      | Noticed Natasha
  2085 | D:3      | Killed Natasha
  2086 | D:3      | Reached skill level 5 in Unarmed Combat
  2139 | D:3      | Found a radiant altar of Vehumet.
  2283 | D:3      | Killed Terence
  2358 | D:3      | Noticed Natasha
  2377 | D:3      | Killed Natasha
  2729 | D:4      | Reached XP level 7. HP: 18/43 MP: 7/12
  2924 | D:4      | Found Uvalirr's Assorted Antiques.
  3056 | D:4      | Found Rudwurh Xari's Armour Shop.
  3112 | D:4      | Found a staircase to the Ecumenical Temple.
  3123 | Temple   | Entered the Ecumenical Temple
  3323 | Temple   | Became a worshipper of Cheibriados the Contemplative
  3601 | D:4      | Found a sparkling altar of Nemelex Xobeh.
  3972 | D:5      | Entered Level 5 of the Dungeon
  3972 | D:5      | Noticed a troll
  4245 | D:5      | Reached skill level 6 in Unarmed Combat
  4262 | D:5      | Slain by a troll

Illustrated notes

Levels and vault maps discovered:
D:1:      ldierk_walled_garden_2, layout_basic
D:2:      layout_basic, minmay_pentomino_v4
D:3:      layout_loops_ring, tso_altar, nicolae_vehumet_radiance, uniq_terence,
          uniq_grinder, uniq_natasha
D:4:      layout_basic, old_standard_altar, temple_fountains, serial_shops,
          shop, shop
D:5:      lemuel_ice_spiral_2, layout_basic, mainiacjoe_overflow_alcove_2,
          gammafunk_temple_overflow_pools
Temple:   hellmonk_temple_forest_ring

Skill      XL: |  1  2  3  4  5  6  7 |
---------------+----------------------+-----
Unarmed Combat | 4 5 6 |  6.0
Stealth        | 2 3 |  3.7
Spellcasting   | 3 |  3.9
Transmutations | 3 4 |  4.1
Dodging        | 3 |  3.1
Fighting       | |  1.4

Action                     |  1- 3 |  4- 6 |  7- 9 || total
---------------------------+-------+-------+-------++-------
  Melee: Unarmed           |    96 |    63 |    34 ||   193
         Tentacles         |    19 |    13 |     9 ||    41
         Constrict         |    23 |    11 |    12 ||    46
         Punch             |     3 |     2 |     1 ||     6
         Kick              |    15 |    11 |    14 ||    40
         Falchion          |       |       |    10 ||    10
   Cast: Beastly Appendage |    13 |     7 |     4 ||    24
         Wereblood         |     1 |     6 |     4 ||    11
         Spider Form       |       |       |     1 ||     1
    Use: Scroll            |       |     3 |     2 ||     5
   Stab: Sleeping          |     5 |       |     2 ||     7
         Distracted        |     2 |       |       ||     2
 Armour: Skin              |     5 |     8 |     4 ||    17
  Dodge: Dodged            |    68 |    47 |    31 ||   146

Table legend: (Time is in decaauts)
 A = Elapsed time spent in this place.
 B = Non-inter-level travel time spent in this place.
 C = Inter-level travel time spent in this place.
 D = Time resting spent in this place.
 E = Time spent auto-exploring this place.
 F = Levels seen in this place.
 G = Mean time per level.
                   A        B        C        D        E       F      G
               +--------+--------+--------+--------+--------+-----+--------+
         Total |   4449 |   4248 |    201 |      0 |   3326 |   6 |  741.5 |
       Dungeon |   4183 |   4008 |    175 |      0 |   3269 |   5 |  836.6 |
        Temple |    266 |    240 |     26 |      0 |     57 |   1 |  266.0 |
               +--------+--------+--------+--------+--------+-----+--------+

Top non-repeatable levels by time:
     D:2: 1122 daAuts
     D:4: 1074 daAuts
     D:3: 1038 daAuts
     D:1: 660 daAuts
     D:5: 287 daAuts
  Temple: 266 daAuts
